 Dungeon Crawl Stone Soup version 0.24.1-11-gbbbb2193e6 (webtiles) character file.

Game seed: 13644607046879720626, levelgen mode: deterministic

83 Descartes the Grasshopper (level 4, -1/34 HPs)
             Began as a Demonspawn Wanderer on May 13, 2020.
             Slain by a worm (10 damage)
             ... on level 2 of the Dungeon.
             The game lasted 00:02:52 (1635 turns).

Descartes the Grasshopper (Demonspawn Wanderer)     Turns: 1635, Time: 00:02:53

Health: -1/34      AC:  2    Str: 13    XL:     4   Next: 22%
Magic:  4/4        EV: 12    Int: 14    God:
Gold:   31         SH:  0    Dex: 12    Spells: 3/3 levels left

rFire    . . .     SeeInvis .   a - +2 quarterstaff
rCold    . . .     Gourm    .   (shield currently unavailable)
rNeg     . . .     Faith    .   d - +0 robe
rPois    .         Spirit   .   (helmet restricted)
rElec    .         Reflect  .   (no cloak)
rCorr    .         Harm     .   (no gloves)
MR       .....                  (no boots)
Stlth    ++........             (no amulet)
HPRegen  0.11/turn              (no ring)
MPRegen  0.09/turn              (no ring)

@: no status effects
A: antennae 1, sturdy frame 1
a: no special abilities


You were on level 2 of the Dungeon.
You were not hungry.

You visited 1 branch of the dungeon, and saw 2 of its levels.

You collected 31 gold pieces.

Inventory:

Hand Weapons
 a - a +2 quarterstaff (weapon)
 e - a +0 dagger
 v - a +1 short sword of speed
Missiles
 g - 2 atropa-tipped darts (quivered)
 h - 54 stones
 i - 21 arrows
 j - 13 bolts
 k - 9 poisoned darts
 m - 41 sling bullets
Armour
 d - a +0 robe (worn)
Scrolls
 b - 2 scrolls of teleportation
 q - 2 scrolls of noise {unknown}
 r - a scroll of fog {unknown}
 s - a scroll of remove curse {unknown}
 t - a scroll of enchant weapon {unknown}
 w - a scroll of identify {unknown}
Potions
 c - a potion of curing
 l - a potion of degeneration {unknown}
 n - a potion of haste {unknown}
 p - 3 potions of brilliance {unknown}
 u - a potion of flight {unknown}
Comestibles
 f - 3 rations
 o - 3 chunks of flesh


   Skills:
 + Level 2.4 Fighting
 - Level 1.7 Staves
 + Level 1.8 Armour
 + Level 1.9 Dodging
 - Level 2.6 Stealth
   Level 2.6 Translocations
   Level 1.0 Evocations


You had 3 spell levels left.
You didn't know any spells.
Your spell library was empty.

Dungeon Overview and Level Annotations

Branches:
Dungeon (2/15)

Altars:


Innate Abilities, Weirdness & Mutations

You have a pair of small antennae on your head.
Your movements are slightly less encumbered by armour. (ER -2)


Message History

The worm bites you.
You barely miss the worm.
The worm is heavily wounded.
The worm bites you!
You are too injured to fight recklessly!
You are too injured to fight recklessly!
The hobgoblin shouts!
You close the door.
A hobgoblin opens the door.
There are monsters nearby!
You are too injured to fight recklessly!
You are too injured to fight recklessly!
You hit the worm.
The worm is heavily wounded.
The worm bites you.
* * * LOW HITPOINT WARNING * * *
You barely miss the worm.
The worm is heavily wounded.
The worm bites you!
You die...

............######..
....................
...............#...
.++...........+... #
#...........#... #.#####
#.......#####... #......
#.......# #...
#......###.......# #...
#.....gw@........#####...
##.....########..........
#..... #.......... ######
#.......... #..........
#######'##......
#.....#.######..
#..#..#'######..
#..#............


You could see a worm and a hobgoblin.

Vanquished Creatures
  3 adders
  An ooze (D:1)
  2 worms (D:2)
  A dart slug (D:1)
  3 bats
  4 giant cockroaches
  9 goblins
  2 hobgoblins (D:1)
  4 kobolds
  2 ball pythons (D:2)
  4 frilled lizards
  12 rats
47 creatures vanquished.

Notes
Turn   | Place    | Note
-------+----------+-------------------------------------------
     0 | D:1      | Descartes the Demonspawn Wanderer began the quest for the
                  | Orb.
     0 | D:1      | Descartes set off with the following items: a +2
                  | quarterstaff, a scroll of teleportation, a potion of
                  | curing, a +0 robe, a +0 dagger, a ration
     0 | D:1      | Reached XP level 1. HP: 15/15 MP: 1/1
   339 | D:1      | Gained mutation: You have a pair of small antennae on your
                  | head. [demonic ancestry]
   339 | D:1      | Reached XP level 2. HP: 17/21 MP: 2/2
   452 | D:1      | Reached skill level 1 in Armour
   475 | D:1      | Reached skill level 1 in Dodging
   701 | D:1      | Gained mutation: Your movements are slightly less
                  | encumbered by armour. (ER -2) [demonic ancestry]
   701 | D:1      | Reached XP level 3. HP: 18/27 MP: 3/3
  1312 | D:2      | Reached XP level 4. HP: 26/33 MP: 4/4
  1635 | D:2      | Slain by a worm

Levels and vault maps discovered:
D:1:      wander_arrival_peaceful_grave, layout_loops_ring,
          minmay_rat_gold_closets
D:2:      layout_basic, first_ration, bh_walls_and_bars

Skill      XL: |  1  2  3 |
---------------+----------+-----
Armour         | 1 |  1.8
Dodging        | 1 |  1.9
Fighting       | 2 |  2.4
Staves         | |  1.7
Stealth        | |  2.6
Translocations | |  2.6
Evocations     | |  1.0

Action                   |  1- 3 |  4- 6 || total
-------------------------+-------+-------++-------
Melee: Quarterstaff      |   102 |    17 ||   119
 Stab: Sleeping          |    12 |     1 ||    13
  Eat: Chunk             |     1 |     1 ||     2
Armor: Robe              |    18 |     1 ||    19
Dodge: Dodged            |    70 |     8 ||    78
